 Dungeon Crawl Stone Soup version 0.30-a0-476-g330ca2eb8e (webtiles) character file.

Game seed: 6327490519909115192

1572 bmack86 the Cleaver (level 8, -1/71 HPs)
             Began as a Minotaur Fighter on Dec 22, 2022.
             Was a Believer of Okawaru.
             Slain by a vampire (3 damage)
             ... on level 6 of the Dungeon.
             The game lasted 00:13:10 (4425 turns).

bmack86 the Cleaver (Minotaur Fighter)              Turns: 4425, Time: 00:13:10

Health: -1/71      AC: 14    Str: 24    XL:     8   Next: 59%
Magic:  7/7        EV:  8    Int:  5    God:    Okawaru [**....]
Gold:   90         SH: 10    Dex:  9    Spells: 7/7 levels left

rFire   . . .      SeeInvis .    a - +1 war axe
rCold   . . .      Faith    .    c - +0 buckler
rNeg    . . .      Spirit   .    A - +0 chain mail
rPois   .          Reflect  +    t - +2 hat
rElec   .          Harm     .    g - +1 cloak
rCorr   .          Rampage  .    (no gloves)
Will    .....                    (no boots)
Stlth   ..........               u - amulet of reflection
HPRegen 0.31/turn                (no ring)
MPRegen 0.10/turn                (no ring)

@: no status effects
A: horns 2, retaliatory headbutt
a: Renounce Religion, Heroism


You were on level 6 of the Dungeon.
You worshipped Okawaru.
Okawaru was pleased with you.
You visited 2 branches of the dungeon, and saw 7 of its levels.

You collected 209 gold pieces.
You spent 119 gold pieces at shops.

Inventory:

Hand Weapons
 a - a +1 war axe (weapon)
Missiles
 n - 4 poisoned darts (quivered)
 s - 5 boomerangs
Armour
 b - a +0 scale mail
 c - a +0 buckler (worn)
 g - a +1 cloak (worn)
 t - a +2 hat (worn)
 A - a +0 chain mail (worn)
Jewellery
 u - an amulet of reflection (around neck)
 x - a ring of ice
Wands
 h - a wand of iceblast (4)
Scrolls
 e - 2 scrolls of fear
 k - a scroll of fog
 o - a scroll of blinking
 q - a scroll of magic mapping
 r - 3 scrolls of teleportation
 v - a scroll of amnesia
Potions
 d - a potion of might
 f - 2 potions of attraction
 i - a potion of heal wounds {unknown}
 j - 3 potions of degeneration
 l - a potion of cancellation {unknown}
 m - 4 potions of curing
 p - a potion of flight
 w - a potion of berserk rage {unknown}
 z - a potion of magic {unknown}


   Skills:
 + Level 6.9 Fighting
 * Level 8.4 Axes
 + Level 6.9 Armour
 + Level 6.8 Shields


You had 7 spell levels left.
You didn't know any spells.
Your spell library contained the following spells:

 Spells                   Type           Power      Damage    Failure   Level
 Kindle Blastsparks       Fire/Tloc/Air  0%         2d10      100%        3
 Fulminant Prism          Conj/Hex       0%         3d5       100%        4
 Iskenderun's Mystic Bla  Conj/Tloc      0%         2d3       100%        4
 Lee's Rapid Deconstruct  Erth           0%         3d4*      100%        5


Dungeon Overview and Level Annotations

Branches:
Dungeon (6/15)             Temple (1/1) D:4

Altars:
Ashenzari
Cheibriados
Dithmenos
Elyvilon
Fedhas
Hepliaklqana
Kikubaaqudgha
Makhleb
Nemelex Xobeh
Okawaru
Qazlal
Ru
Sif Muna
Trog
Uskayaw
Wu Jian
Xom
Yredelemnul
The Shining One

Shops:
D:2 [   D:5 =

Annotations:
Temple 2 transporters


Innate Abilities, Weirdness & Mutations

You have a pair of horns on your head.
You reflexively headbutt those who attack you in melee.


Message History

Something draws strength from your injuries!
You barely miss something. You slash the gnoll! You block the gnoll's attack.
Something hits you. Something bites you but does no damage.
Unknown command.
You closely miss something. You slash the gnoll!
You kill the gnoll!
Okawaru accepts your kill.
You hear some strange, mumbled words.
You are confused.
You hit something but do no damage. Your headbutt misses something.
Something hits you. Something bites you but does no damage.
You bump into the rock wall.
Something hits you. Something bites you.
Something draws strength from your injuries!
Unknown command.
You slash something! Something hits you but does no damage.
Something bites you.
Something draws strength from your injuries!
You're too confused to move!
Something hits you. Something bites you.
Something draws strength from your injuries!
You barely miss something. Your headbutt misses something. Something hits you!
Something bites you!
* * * LOW HITPOINT WARNING * * *
Something draws strength from your injuries!
Unknown command.
You closely miss something. Your headbutt misses something.
You feel less confused. Something hits you but does no damage.
Something bites you.
* * * LOW HITPOINT WARNING * * *
Something draws strength from your injuries!
You hit something but do no damage. Something hits you but does no damage.
Something bites you.
* * * LOW HITPOINT WARNING * * *
Something draws strength from your injuries!
Unknown command.
You hit something but do no damage. Your headbutt misses something.
Something hits you but does no damage. Something bites you!
* * * LOW HITPOINT WARNING * * *
Something draws strength from your injuries!
Something hits you.
You die...

#...# ### #...#
.#######...#
...........#
.#######<.##
#........#
#.#####.##
..#####.#######
..........@)).#
...####..)).).#
##..###....#
#...# ......
#..#... .#..#
....##...## ..
#....# #.## .
#.###. .#


There were no monsters in sight!

Vanquished Creatures
  Pikel (D:5)
  Eustachio (D:5)
  A black bear (D:6)
  An ogre (D:4)
  A phantom (D:5)
  A lemure (D:5)
  A necrophage (D:5)
  A scorpion (D:5)
  A howler monkey (D:5)
  A hound (D:5)
  2 orc priests
  Natasha (thrice) (D:3)
  Ijyb (D:3)
  8 iguanas
  4 gnolls
  4 adders
  2 white imps
  A worm (D:3)
  2 dart slugs
  10 orcs
  7 bats
  5 endoplasms
  3 giant cockroaches
  8 goblins
  5 hobgoblins
  9 kobolds
  3 quokkas
  7 ball pythons
  11 frilled lizards
  2 rats
107 creatures vanquished.

Vanquished Creatures (others)
  6 plants (D:1)
6 creatures vanquished.

Grand Total: 113 creatures vanquished

Notes
Turn   | Place    | Note
-------+----------+-------------------------------------------
     0 | D:1      | bmack86 the Minotaur Fighter began the quest for the Orb.
     0 | D:1      | Reached XP level 1. HP: 19/19 MP: 0/0
   139 | D:1      | Reached XP level 2. HP: 26/27 MP: 1/1
   288 | D:1      | Reached skill level 3 in Axes
   295 | D:1      | Reached XP level 3. HP: 30/33 MP: 2/2
   534 | D:2      | Found Asicwetu's Antique Armour Shop.
   553 | D:2      | Found a faded altar of an unknown god.
   962 | D:2      | Reached XP level 4. HP: 38/40 MP: 3/3
  1180 | D:3      | Noticed Natasha
  1186 | D:3      | Killed Natasha
  1281 | D:3      | Reached skill level 4 in Axes
  1297 | D:3      | Noticed Ijyb
  1304 | D:3      | Killed Ijyb
  1379 | D:3      | Noticed Natasha
  1386 | D:3      | Killed Natasha
  1387 | D:3      | Reached XP level 5. HP: 35/47 MP: 4/4
  1598 | D:3      | Noticed Natasha
  1605 | D:3      | Killed Natasha
  1889 | D:2      | Bought an embroidered hat for 119 gold pieces
  1939 | D:4      | Found a white marble altar of Elyvilon.
  2285 | D:4      | Noticed an ogre
  2289 | D:4      | Killed an ogre
  2290 | D:4      | Reached skill level 5 in Fighting
  2290 | D:4      | Reached skill level 5 in Axes
  2290 | D:4      | Reached skill level 5 in Armour
  2290 | D:4      | Reached skill level 5 in Shields
  2290 | D:4      | Reached XP level 6. HP: 26/56 MP: 5/5
  2520 | D:4      | Found a blossoming altar of Fedhas.
  2807 | D:4      | Found a staircase to the Ecumenical Temple.
  2822 | Temple   | Entered the Ecumenical Temple
  2822 | Temple   | Found a transporter.
  2822 | Temple   | Found a transporter.
  2824 | Temple   | Found a transporter.
  2824 | Temple   | Found a transporter.
  2847 | Temple   | Became a worshipper of Warmaster Okawaru
  3053 | D:5      | Entered Level 5 of the Dungeon
  3168 | D:5      | Reached XP level 7. HP: 55/61 MP: 6/6
  3248 | D:5      | Reached skill level 6 in Axes
  3295 | D:5      | Found Diafury's Jewellery Shop.
  3444 | D:5      | Noticed Eustachio
  3465 | D:5      | Killed Eustachio
  3465 | D:5      | Reached * piety under Okawaru
  3841 | D:5      | Reached skill level 7 in Axes
  3897 | D:5      | Noticed Pikel
  3909 | D:5      | Killed Pikel
  3909 | D:5      | Reached ** piety under Okawaru
  3910 | D:5      | Reached skill level 8 in Axes
  3910 | D:5      | Reached XP level 8. HP: 11/71 MP: 7/7
  4425 | D:6      | HP: 2/71 [something (8)]
  4425 | D:6      | Slain by a vampire

Illustrated notes

Levels and vault maps discovered:
D:1:      pf_arrival_petrified_forest, layout_rooms, minmay_lizard_king
D:2:      layout_loops_cross, serial_shops, shop,
          hellmonk_ecumenical_altar_pennies_from_heaven
D:3:      layout_loops_ring, minivault_24, uniq_natasha, uniq_ijyb
D:4:      nicolae_cairo_tiling_large, layout_cave_pods,
          mainiacjoe_overflow_small_starburst, lemuel_round_altar,
          minmay_temple_entry_proselytizer
D:5:      layout_gridville, nicolae_take_the_stairs, uniq_pikel, uniq_eustachio
D:6:      minmay_chambers_of_sixes, layout_loops_ring, nicolae_vehumet_radiance,
          serial_shops, nicolae_shop_trees, kb_rosetta, uniq_sigmund
Temple:   hellmonk_temple_divided_pantheon

Skill      XL: |  1  2  3  4  5  6  7 |
---------------+----------------------+-----
Axes           | 3 4 5 8 |  8.4
Fighting       | 4 5 6 |  6.9
Armour         | 4 5 6 |  6.9
Shields        | 4 5 6 |  6.8

Action                   |  1- 3 |  4- 6 |  7- 9 || total
-------------------------+-------+-------+-------++-------
Melee: War axe           |    69 |    86 |    74 ||   229
       Headbutt          |     9 |    19 |     7 ||    35
Throw: Dart              |       |     2 |       ||     2
Invok: Heroism           |       |       |     2 ||     2
  Use: Scroll            |     1 |    11 |     3 ||    15
Armor: Scale mail        |    38 |    32 |    40 ||   110
       Chain mail        |       |       |    12 ||    12
Dodge: Dodged            |    48 |    34 |    46 ||   128
Block: Buckler           |    27 |    13 |    34 ||    74

Table legend: (Time is in decaauts)
 A = Elapsed time spent in this place.
 B = Non-inter-level travel time spent in this place.
 C = Inter-level travel time spent in this place.
 D = Time resting spent in this place.
 E = Time spent auto-exploring this place.
 F = Levels seen in this place.
 G = Mean time per level.
                   A        B        C        D        E       F      G
               +--------+--------+--------+--------+--------+-----+--------+
         Total |   4503 |   4303 |    200 |    348 |   2653 |   7 |  643.3 |
       Dungeon |   4462 |   4262 |    200 |    348 |   2653 |   6 |  743.7 |
        Temple |     40 |     40 |      0 |      0 |      0 |   1 |   40.0 |
               +--------+--------+--------+--------+--------+-----+--------+

Top non-repeatable levels by time:
     D:5: 1293 daAuts
     D:4: 1085 daAuts
     D:3: 809 daAuts
     D:2: 632 daAuts
     D:1: 547 daAuts
     D:6: 94 daAuts
  Temple: 40 daAuts
